[Event "46th GRE-chT Premier 2018"]
[Site "Rio Achaia"]
[Date "2018.07.10"]
[Round "1"]
[White "Aivazian, Elpida Sofia"]
[Black "Karavitaki, Evaggelia"]
[Result "0-1"]
[ECO "B40"]
[WhiteElo "1451"]
[BlackElo "1723"]
[Annotator "NA"]
[PlyCount "68"]
[EventDate "2018.07.10"]
[EventType "team-tourn"]
[EventCountry "GRE"]
[SourceTitle "playchess.com"]
[Source "ChessBase"]
[SourceQuality "1"]
[TimeControl "40/5400+30:1800+30"]

1. e4 c5 2. Nf3 e6 3. g3 Nc6 4. d4 cxd4 5. Nxd4 d5 6. Bg2 dxe4 7. Nxc6 Qxd1+ 8. Kxd1 bxc6 9. Bxe4 Bb7 10. b3 Nf6 11. Bf3 Bc5 12. Be3 Bxe3 13. fxe3 O-O-O+ 14. Ke2 Rd6 15. Rd1 Rxd1 16. Kxd1 h5 17. Nc3 Ng4 18. Ne4 Nxe3+ 19. Kd2 Nf5 20. Nc5 h4 21. Nxb7 Kxb7 22. Be4 hxg3 23. Bxf5 Rxh2+ 24. Ke3 exf5 25. Kf3 g2 26. Rg1 g5 27. Kg3 Rh4 28. Kf3 Rg4 29. c3 Kb6 30. a4 Ka5 31. Ke3 f4+ 32. Kf3 Rg3+ 33. Ke4 f5+ 34. Kxf5 f3 0-1

[Event "46th GRE-chT Premier 2018"]
[Site "Rio Achaia"]
[Date "2018.07.10"]
[Round "1"]
[White "Kontopanagos, Ioannis"]
[Black "Klampatseas, Christos"]
[Result "1/2-1/2"]
[ECO "E46"]
[WhiteElo "1440"]
[BlackElo "1440"]
[Annotator "NA"]
[PlyCount "94"]
[EventDate "2018.07.10"]
[EventType "team-tourn"]
[EventCountry "GRE"]
[SourceTitle "playchess.com"]
[Source "ChessBase"]
[SourceQuality "1"]
[TimeControl "40/5400+30:1800+30"]

1. d4 Nf6 2. c4 e6 3. Nc3 Bb4 4. e3 O-O 5. Nge2 d5 6. a3 Be7 7. Ng3 c6 8. Be2 a5 9. O-O Na6 10. c5 b6 11. cxb6 Qxb6 12. Na4 Qc7 13. Qc2 Bd7 14. Bd2 c5 15. Bxa6 Bxa4 16. Qxa4 Rxa6 17. dxc5 Qxc5 18. Rfc1 Qb6 19. Bc3 h6 20. Bd4 Qb7 21. Rc2 Rc8 22. Rac1 Rxc2 23. Rxc2 Kh7 24. Be5 Bd6 25. Bxd6 Rxd6 26. Qxa5 Rb6 27. Qc3 Rb3 28. Qd2 Nd7 29. f4 Nb6 30. Rc3 Rxc3 31. Qxc3 Nc4 32. b4 Qa7 33. Kf2 Qxa3 34. Qxa3 Nxa3 35. Ne2 Kg6 36. Nd4 Kf6 37. g4 Ke7 38. h4 f6 39. Kf3 Kd7 40. e4 Kd6 41. g5 hxg5 42. hxg5 fxg5 43. fxg5 g6 44. exd5 Kxd5 45. Ne2 e5 46. Nc3+ Kd4 47. Ne2+ Kd3 1/2-1/2

[Event "46th GRE-chT Premier 2018"]
[Site "Rio Achaia"]
[Date "2018.07.10"]
[Round "1"]
[White "Goutoufas, Christos"]
[Black "Kazakos, Nikolaos"]
[Result "0-1"]
[ECO "D30"]
[WhiteElo "1434"]
[BlackElo "1375"]
[Annotator "NA"]
[PlyCount "117"]
[EventDate "2018.07.10"]
[EventType "team-tourn"]
[EventCountry "GRE"]
[SourceTitle "playchess.com"]
[Source "ChessBase"]
[SourceQuality "1"]
[TimeControl "40/5400+30:1800+30"]

1. d4 d5 2. c4 e6 3. Nf3 Nf6 4. Bf4 c6 5. e3 Bd6 6. Ne5 Ne4 7. Bd3 Bb4+ 8. Kf1 O-O 9. Bxe4 dxe4 10. f3 f6 11. Ng4 h5 12. Nf2 exf3 13. gxf3 g5 14. Bxb8 Rxb8 15. h4 Qe8 16. Rg1 Be7 17. Ne4 Qg6 18. Nbc3 Qf5 19. Ng3 Qh3+ 20. Kf2 Qh2+ 21. Rg2 Qxh4 22. Qg1 g4 23. Rh2 Qg5 24. Rxh5 Qg6 25. fxg4 Qxg4 26. Nge4 f5 27. Qxg4+ fxg4+ 28. Ke2 Rf5 29. Rah1 Rxh5 30. Rxh5 Bd7 31. Nd1 e5 32. Rxe5 Kf7 33. Kf2 Rh8 34. Kg3 Rh3+ 35. Kg2 Kf8 36. c5 Bd8 37. Ng5 Rh6 38. Ne4 Bc7 39. Nd6 Bxd6 40. cxd6 Rxd6 41. Kg3 Rf6 42. Re4 Rf3+ 43. Kg2 Kf7 44. Nf2 Bf5 45. Rf4 Rxf4 46. exf4 Ke6 47. Nd1 Kd5 48. Ne3+ Ke4 49. Nxf5 Kxf5 50. Kg3 b6 51. b3 c5 52. d5 b5 53. d6 Ke6 54. Kxg4 c4 55. Kf3 c3 56. Ke2 b4 57. Kd3 Kxd6 58. a3 a5 59. Ke4 {Ke5+} 0-1

[Event "46th GRE-chT Premier 2018"]
[Site "Rio Achaia"]
[Date "2018.07.10"]
[Round "1"]
[White "Papadopoulos, Panteleimon"]
[Black "Grigoriadis, Mihail"]
[Result "0-1"]
[ECO "B32"]
[WhiteElo "1422"]
[BlackElo "2236"]
[Annotator "NA"]
[PlyCount "102"]
[EventDate "2018.07.10"]
[EventType "team-tourn"]
[EventCountry "GRE"]
[SourceTitle "playchess.com"]
[Source "ChessBase"]
[SourceQuality "1"]
[TimeControl "40/5400+30:1800+30"]

1. e4 c5 2. Nf3 Nc6 3. d4 cxd4 4. Nxd4 d6 5. Nc3 a6 6. Be3 Nf6 7. Be2 g6 8. f3 Bg7 9. Qd2 O-O 10. O-O-O Nxd4 11. Bxd4 b5 12. Nd5 Nxd5 13. Bxg7 Kxg7 14. Qxd5 Be6 15. Qd4+ f6 16. Qc3 Qb6 17. a3 Rfc8 18. Qd4 Qc6 19. Bd3 a5 20. g4 Bb3 21. Kd2 e5 22. Qc3 Qxc3+ 23. bxc3 Ba4 24. Rb1 Rc5 25. h4 Rac8 26. Rb2 Rxc3 27. Ra2 R3c5 28. Rb2 Kf7 29. Rhb1 Ke6 30. Rh1 R8c7 31. h5 g5 32. Rd1 d5 33. exd5+ Rxd5 34. Ke2 h6 35. Bf5+ Kd6 36. Bd3 Rd4 37. Rd2 Rc5 38. Ke3 Rc3 39. Ra2 Kc5 40. Ke2 Kb6 41. Rd1 b4 42. Rb1 Bc6 43. axb4 Rxb4 44. Rxb4+ axb4 45. Ra6+ Kb7 46. Ra1 Kb6 47. Ra6+ Kc5 48. Ra7 b3 49. Ra3 Kd4 50. Rxb3 Rxb3 51. cxb3 Bxf3+ 0-1

[Event "46th GRE-chT Premier 2018"]
[Site "Rio Achaia"]
[Date "2018.07.10"]
[Round "1"]
[White "Basinas, Konstantinos"]
[Black "Karamitanis, Lazaros"]
[Result "1-0"]
[ECO "E70"]
[WhiteElo "1383"]
[BlackElo "1159"]
[Annotator "NA"]
[PlyCount "111"]
[EventDate "2018.07.10"]
[EventType "team-tourn"]
[EventCountry "GRE"]
[SourceTitle "playchess.com"]
[Source "ChessBase"]
[SourceQuality "1"]
[TimeControl "40/5400+30:1800+30"]

1. d4 Nf6 2. c4 g6 3. Nc3 Bg7 4. e4 d6 5. Nge2 O-O 6. Ng3 Nbd7 7. Be2 c5 8. d5 h5 9. h4 Ne5 10. f3 a6 11. Be3 Qb6 12. Qd2 Kh7 13. O-O Qc7 14. Rab1 Bd7 15. a3 Rfc8 16. Rfc1 Qd8 17. Qe1 Bh6 18. Nf1 Qf8 19. Bxh6 Qxh6 20. Qd2 Qxd2 21. Nxd2 Rab8 22. b4 b6 23. Rb3 Be8 24. Rcb1 Ned7 25. bxc5 bxc5 26. Rxb8 Rxb8 27. Rxb8 Nxb8 28. Kf2 e5 29. g3 Bd7 30. f4 exf4 31. gxf4 Ne8 32. e5 Bf5 33. Nde4 Nd7 34. Nxd6 Nxd6 35. exd6 Bg4 36. Bd3 Kg8 37. Bc2 Nf6 38. Ke3 Bd7 39. Ba4 Kf8 40. Bc6 Ng4+ 41. Ke2 Nf6 42. Na4 Ke8 43. Nxc5 Kd8 44. Bxd7 Nxd7 45. Nxd7 Kxd7 46. c5 f6 47. Ke3 a5 48. a4 Kd8 49. c6 Kc8 50. d7+ Kd8 51. f5 gxf5 52. Kf4 Kc7 53. Kxf5 Kd8 54. Ke6 f5 55. d6 f4 56. c7# 1-0

[Event "46th GRE-chT Premier 2018"]
[Site "Rio Achaia"]
[Date "2018.07.10"]
[Round "1"]
[White "Apostolakaki, Evangelia"]
[Black "Chatziioannidi, Filippa"]
[Result "1-0"]
[ECO "A46"]
[WhiteElo "1376"]
[BlackElo "1592"]
[Annotator "NA"]
[PlyCount "129"]
[EventDate "2018.07.10"]
[EventType "team-tourn"]
[EventCountry "GRE"]
[SourceTitle "playchess.com"]
[Source "ChessBase"]
[SourceQuality "1"]
[TimeControl "40/5400+30:1800+30"]

1. d4 Nf6 2. Nf3 e6 3. e3 d5 4. c4 b6 5. Nbd2 Bd6 6. Bd3 O-O 7. O-O Bb7 8. b3 Nbd7 9. Bb2 Re8 10. cxd5 Nxd5 11. Nc4 Bf8 12. a3 c5 13. Be2 Qc7 14. Rc1 Rad8 15. Qc2 Qb8 16. Bd3 N5f6 17. Nfe5 g6 18. Nxd7 Nxd7 19. Be4 cxd4 20. Bxb7 Qxb7 21. Bxd4 b5 22. Na5 Qa6 23. b4 e5 24. Ba1 Nb6 25. Qb3 Bg7 26. Rc7 Rf8 27. Nb7 Nd5 28. Nxd8 Nxc7 29. Rc1 Qd6 30. Nc6 a6 31. Na5 Ne6 32. Rd1 Qc7 33. h3 Rc8 34. Bb2 Qc2 35. Rc1 Qxc1+ 36. Bxc1 Rxc1+ 37. Kh2 Rc7 38. Qd5 Rc3 39. Qa8+ Bf8 40. Qxa6 Rxa3 41. Qxb5 Ra2 42. f3 Rb2 43. Nc6 Rb3 44. Qxe5 Bxb4 45. Qb8+ Kg7 46. Nxb4 Rxe3 47. Nd5 Rd3 48. Qe5+ Kg8 49. Nf6+ Kg7 50. Ne4+ Kg8 51. Nc5 Nxc5 52. Qxc5 Rd8 53. f4 Rf8 54. f5 Re8 55. f6 h6 56. h4 Re6 57. Qd4 h5 58. Qf4 Kh7 59. Kg3 Kg8 60. Kf3 Kh7 61. g4 hxg4+ 62. Kxg4 Rc6 63. h5 gxh5+ 64. Kh4 Rc8 65. Qf5+ 1-0

[Event "46th GRE-chT Premier 2018"]
[Site "Rio Achaia"]
[Date "2018.07.10"]
[Round "1"]
[White "Gkaripis, Marios Ilias"]
[Black "Merkos, Thomas"]
[Result "0-1"]
[ECO "E51"]
[WhiteElo "1374"]
[BlackElo "1425"]
[Annotator "NA"]
[PlyCount "108"]
[EventDate "2018.07.10"]
[EventType "team-tourn"]
[EventCountry "GRE"]
[SourceTitle "playchess.com"]
[Source "ChessBase"]
[SourceQuality "1"]
[TimeControl "40/5400+30:1800+30"]

1. d4 Nf6 2. c4 e6 3. Nc3 Bb4 4. e3 O-O 5. Nf3 d5 6. a3 Bxc3+ 7. bxc3 b6 8. cxd5 exd5 9. c4 Ba6 10. Qc2 c5 11. Bd3 cxd4 12. Nxd4 Qc8 13. cxd5 Qxc2 14. Bxc2 Nxd5 15. Be4 Bc4 16. Nb5 Bxb5 17. Bxd5 Bc6 18. Bxc6 Nxc6 19. Bb2 Rac8 20. Rc1 Na5 21. Ke2 Nc4 22. Rc2 Nxb2 23. Rxb2 Rc3 24. Ra1 Rfc8 25. Rd2 Kf8 26. Rd7 a6 27. Rd6 Rb3 28. Rd3 Rc2+ 29. Rd2 Rbb2 30. Rad1 Rxd2+ 31. Rxd2 Rxd2+ 32. Kxd2 Ke7 33. Kc3 Kd6 34. Kd4 Kc6 35. e4 Kd6 36. f4 f6 37. g4 g5 38. fxg5 fxg5 39. e5+ Ke6 40. h3 h6 41. Ke4 b5 42. Kd4 a5 43. Kc5 b4 44. axb4 axb4 45. Kxb4 Kxe5 46. Kc5 Kf4 47. Kd4 Kg3 48. Ke4 Kxh3 49. Kf3 Kh4 50. Kg2 Kxg4 51. Kh2 Kf3 52. Kg1 g4 53. Kf1 g3 54. Kg1 g2 0-1

[Event "46th GRE-chT Premier 2018"]
[Site "Rio Achaia"]
[Date "2018.07.10"]
[Round "1"]
[White "Anthopoulou, Ioanna"]
[Black "Pasoglou, Ekaterini"]
[Result "1-0"]
[ECO "B23"]
[WhiteElo "1359"]
[BlackElo "1849"]
[Annotator "NA"]
[PlyCount "63"]
[EventDate "2018.07.10"]
[EventType "team-tourn"]
[EventCountry "GRE"]
[SourceTitle "playchess.com"]
[Source "ChessBase"]
[SourceQuality "1"]
[TimeControl "40/5400+30:1800+30"]

1. e4 c5 2. Nc3 d6 3. f4 Nc6 4. Nf3 g6 5. Bc4 Bg7 6. O-O e6 7. Qe1 Nge7 8. d3 a6 9. a4 O-O 10. Ne2 d5 11. Bb3 b6 12. e5 Bb7 13. d4 c4 14. Ba2 b5 15. Bb1 Qb6 16. a5 Qd8 17. Bd2 Rb8 18. b3 Nf5 19. b4 h5 20. c3 Nce7 21. Ng5 Bc8 22. Kh1 Nh6 23. Rg1 f6 24. Nf3 Nef5 25. h3 fxe5 26. fxe5 Kf7 27. g4 hxg4 28. hxg4 Ne7 29. Bg5 Rh8 30. Nh4 Nhg8 31. Bxg6+ Kf8 32. Qf2+ 1-0

[Event "46th GRE-chT Premier 2018"]
[Site "Rio Achaia"]
[Date "2018.07.10"]
[Round "1"]
[White "Patriki, Alexandra"]
[Black "Strati, Betty - Anna"]
[Result "0-1"]
[ECO "D02"]
[WhiteElo "1355"]
[BlackElo "1631"]
[Annotator "NA"]
[PlyCount "170"]
[EventDate "2018.07.10"]
[EventType "team-tourn"]
[EventCountry "GRE"]
[SourceTitle "playchess.com"]
[Source "ChessBase"]
[SourceQuality "1"]
[TimeControl "40/5400+30:1800+30"]

1. d4 d5 2. Nf3 Nf6 3. c3 c5 4. e3 Nc6 5. Bd3 e6 6. Nbd2 Be7 7. dxc5 Bxc5 8. O-O O-O 9. e4 Qc7 10. Qc2 b6 11. h3 Bb7 12. exd5 exd5 13. Nb3 h6 14. Nxc5 bxc5 15. Qd1 Rfe8 16. Be3 Ne4 17. Nh2 Ne5 18. Bf4 Qe7 19. Bb5 Red8 20. Re1 f6 21. Qe2 g5 22. Bxe5 fxe5 23. Ba4 c4 24. Bc2 Rac8 25. f3 Qc5+ 26. Qe3 d4 27. cxd4 exd4 28. Qa3 Qxa3 29. bxa3 Nc5 30. Bf5 Rb8 31. Rac1 Nd3 32. Bxd3 cxd3 33. Rcd1 Ba6 34. Ng4 Rb6 35. Ne5 Rb2 36. Nxd3 Rxa2 37. Nb4 Rxa3 38. Nc6 Rd6 39. Nxd4 Rd3 40. Rxd3 Bxd3 41. Nb3 Bc2 42. Nc5 Rd1 43. Rxd1 Bxd1 44. Nb7 Kf7 45. Kf2 Bb3 46. Kg3 Bd5 47. Nc5 a5 48. h4 Kg6 49. hxg5 Kxg5 50. Kf2 Bc6 51. Nb3 a4 52. Na1 a3 53. g3 a2 54. Ke3 Kf5 55. Kf2 Ke5 56. Ke3 Kd5 57. f4 Kc4 58. Kd2 Bd7 59. Kc2 Be6 60. Kb2 Kd4 61. Nc2+ Ke4 62. Ne1 Kf5 63. Nc2 Kg4 64. Nd4 Bc4 65. f5 Kxg3 66. f6 Kg4 67. Nc2 Kg5 68. Ne3 Bf7 69. Ka1 h5 70. Ng2 Kxf6 71. Nf4 h4 72. Ng2 h3 73. Ne3 Kg5 74. Nf1 Kf4 75. Kb2 Kf3 76. Nh2+ Kg2 77. Ng4 Kg3 78. Ne3 Kf3 79. Nf1 Be6 80. Ka1 Kf2 81. Nd2 h2 82. Ne4+ Kg2 83. Kb2 h1=Q 84. Kc2 Qb1+ 85. Kd2 Qxe4 0-1

[Event "46th GRE-chT Premier 2018"]
[Site "Rio Achaia"]
[Date "2018.07.10"]
[Round "1"]
[White "Kyriakidis, Anastasios P"]
[Black "Paraskevas, Georgios"]
[Result "1-0"]
[ECO "C50"]
[WhiteElo "1352"]
[BlackElo "1634"]
[Annotator "NA"]
[PlyCount "113"]
[EventDate "2018.07.10"]
[EventType "team-tourn"]
[EventCountry "GRE"]
[SourceTitle "playchess.com"]
[Source "ChessBase"]
[SourceQuality "1"]
[TimeControl "40/5400+30:1800+30"]

1. e4 e5 2. Nf3 Nc6 3. Bc4 Bc5 4. d3 Nf6 5. c3 d6 6. a4 a5 7. h3 O-O 8. O-O Be6 9. Bxe6 fxe6 10. Qb3 Qd7 11. Na3 Nh5 12. Be3 Ba7 13. Bxa7 Rxa7 14. Nb5 Raa8 15. d4 exd4 16. Nbxd4 Nd8 17. Ng5 Re8 18. f4 Kh8 19. f5 e5 20. Nde6 Nxe6 21. fxe6 Qe7 22. Nf3 b6 23. Qc4 Nf4 24. b4 Nxe6 25. Rfb1 Qf7 26. bxa5 Rxa5 27. Rb5 Rea8 28. Rxa5 Rxa5 29. Rf1 Nd8 30. Qxf7 Nxf7 31. Ng5 h6 32. Nxf7+ Kg8 33. Nd8 Rxa4 34. Ne6 Rc4 35. Rf8+ Kh7 36. Rf7 c6 37. Rxg7+ Kh8 38. Rd7 Rxc3 39. Rxd6 b5 40. Rd8+ Kh7 41. Rb8 Kg6 42. Rb6 Kh5 43. Nd8 Kg5 44. Nxc6 Rc5 45. Nd8 Rc4 46. Ne6+ Kh4 47. Rxb5 Kg3 48. Rb3+ Kh4 49. Re3 Rc2 50. Kh2 h5 51. Nf8 Kg5 52. Rg3+ Kf4 53. Ng6+ Kxe4 54. Rg5 Rc6 55. Nxe5 Rc5 56. Rxh5 Kf4 57. Nd3+ 1-0

[Event "46th GRE-chT Premier 2018"]
[Site "Rio Achaia"]
[Date "2018.07.10"]
[Round "1"]
[White "Bania, Eleni"]
[Black "Psofimi, Milia"]
[Result "0-1"]
[ECO "C27"]
[WhiteElo "1349"]
[BlackElo "1580"]
[Annotator "NA"]
[PlyCount "60"]
[EventDate "2018.07.10"]
[EventType "team-tourn"]
[EventCountry "GRE"]
[SourceTitle "playchess.com"]
[Source "ChessBase"]
[SourceQuality "1"]
[TimeControl "40/5400+30:1800+30"]

1. e4 e5 2. Nc3 Nf6 3. Bc4 Nxe4 4. Qh5 Nd6 5. Bb3 Be7 6. Qxe5 O-O 7. Nge2 Bf6 8. Qh5 g6 9. Qf3 Nc6 10. Nd5 Bg7 11. h4 Re8 12. O-O Nf5 13. g3 Ne5 14. Qg2 c6 15. Ne3 d5 16. Nxf5 Bxf5 17. Nd4 Bd7 18. Nf3 Qc8 19. Rd1 Nxf3+ 20. Kh1 Bg4 21. Qf1 Nd4 22. Re1 Be2 23. Rxe2 Nxe2 24. c3 Nxc1 25. Rxc1 Qe6 26. Qg2 Qe4 27. f3 Qe2 28. Qh3 Qxf3+ 29. Kg1 Qd3 30. Rf1 Re7 0-1

[Event "46th GRE-chT Premier 2018"]
[Site "Rio Achaia"]
[Date "2018.07.10"]
[Round "1"]
[White "Ilia, Anastasia"]
[Black "Grammatikaki, Aggeliki"]
[Result "0-1"]
[ECO "B40"]
[WhiteElo "1348"]
[BlackElo "1679"]
[Annotator "NA"]
[PlyCount "36"]
[EventDate "2018.07.10"]
[EventType "team-tourn"]
[EventCountry "GRE"]
[SourceTitle "playchess.com"]
[Source "ChessBase"]
[SourceQuality "1"]
[TimeControl "40/5400+30:1800+30"]

1. e4 c5 2. Nf3 e6 3. c3 d5 4. exd5 Qxd5 5. d4 Nc6 6. Bd3 Bd7 7. Be3 cxd4 8. cxd4 Nb4 9. Nc3 Nxd3+ 10. Qxd3 Bb4 11. Bd2 Bxc3 12. Bxc3 Nf6 13. Qe3 Bb5 14. Bb4 Rc8 15. Rc1 Rxc1+ 16. Qxc1 Qe4+ 17. Qe3 Qb1+ 18. Kd2 Ne4+ 0-1

[Event "46th GRE-chT Premier 2018"]
[Site "Rio Achaia"]
[Date "2018.07.10"]
[Round "1"]
[White "Paraskakis, Filippos"]
[Black "Mplitsa, Artemis"]
[Result "1/2-1/2"]
[ECO "D43"]
[WhiteElo "1344"]
[BlackElo "1182"]
[Annotator "NA"]
[PlyCount "60"]
[EventDate "2018.07.10"]
[EventType "team-tourn"]
[EventCountry "GRE"]
[SourceTitle "playchess.com"]
[Source "ChessBase"]
[SourceQuality "1"]
[TimeControl "40/5400+30:1800+30"]

1. d4 d5 2. c4 c6 3. Nf3 Nf6 4. Nc3 e6 5. cxd5 exd5 6. Bg5 Be7 7. e3 Nbd7 8. Bd3 O-O 9. Qc2 h6 10. Bh4 Re8 11. O-O Ne4 12. Bxe7 Qxe7 13. Nd2 Nxd2 14. Qxd2 Nf6 15. e4 dxe4 16. Nxe4 Nxe4 17. Bxe4 Bd7 18. Rfe1 Qd6 19. Rad1 Be6 20. Qc2 Rad8 21. Re3 Rd7 22. h3 Red8 23. Bf5 Bxf5 24. Qxf5 Qd5 25. Re5 Qd6 26. Rde1 g6 27. Qg4 Qxd4 28. Re8+ Rxe8 29. Rxe8+ Kg7 30. Qxd4+ Rxd4 1/2-1/2

[Event "46th GRE-chT Premier 2018"]
[Site "Rio Achaia"]
[Date "2018.07.10"]
[Round "1"]
[White "Tounta, Nefeli"]
[Black "Nikolaidou, Maria"]
[Result "0-1"]
[ECO "E90"]
[WhiteElo "1344"]
[BlackElo "1239"]
[Annotator "NA"]
[PlyCount "94"]
[EventDate "2018.07.10"]
[EventType "team-tourn"]
[EventCountry "GRE"]
[SourceTitle "playchess.com"]
[Source "ChessBase"]
[SourceQuality "1"]
[TimeControl "40/5400+30:1800+30"]

1. d4 Nf6 2. c4 g6 3. Nc3 Bg7 4. e4 d6 5. Nf3 O-O 6. h3 e5 7. d5 Nbd7 8. Be3 a5 9. Bd3 Nc5 10. Bc2 Nh5 11. Nh2 Qh4 12. Qd2 Nf4 13. Rg1 Bd7 14. Nf3 Qf6 15. h4 Nxg2+ 16. Rxg2 Qxf3 17. Rh2 Qh5 18. Ne2 Qg4 19. Ng3 Nxe4 20. Bxe4 f5 21. Bh6 f4 22. Nf1 Bxh6 23. f3 Qh5 24. O-O-O Bf5 25. Bxf5 Qxf5 26. Qe2 Rae8 27. Nd2 Re7 28. Rg1 Qh5 29. Ne4 Kh8 30. Ng5 Rfe8 31. Ne6 Qf5 32. Rhg2 e4 33. Qxe4 Qxe4 34. fxe4 f3+ 35. Rg5 Bxg5+ 36. hxg5 Rf7 37. Rf1 Ree7 38. Kd2 c6 39. Ke3 cxd5 40. cxd5 Re8 41. Nd4 Kg7 42. Ne6+ Kg8 43. Rxf3 Rxf3+ 44. Kxf3 Rc8 45. e5 dxe5 46. d6 Kf7 47. d7 Rg8 0-1

[Event "46th GRE-chT Premier 2018"]
[Site "Rio Achaia"]
[Date "2018.07.10"]
[Round "1"]
[White "Stounos, Nikolaos"]
[Black "Amaxopoulos, Christos"]
[Result "1-0"]
[ECO "B23"]
[WhiteElo "1343"]
[BlackElo "1180"]
[Annotator "NA"]
[PlyCount "45"]
[EventDate "2018.07.10"]
[EventType "team-tourn"]
[EventCountry "GRE"]
[SourceTitle "playchess.com"]
[Source "ChessBase"]
[SourceQuality "1"]
[TimeControl "40/5400+30:1800+30"]

1. e4 c5 2. Nc3 a6 3. g3 b5 4. Bg2 Bb7 5. d3 e6 6. Nh3 Nf6 7. O-O Be7 8. f4 d5 9. f5 d4 10. Ne2 e5 11. Nf2 Nbd7 12. g4 Nb6 13. Ng3 Rc8 14. g5 Nfd7 15. h4 h6 16. Qh5 c4 17. f6 Bf8 18. fxg7 Bxg7 19. Nf5 Bf8 20. Ng4 Qc7 21. Ng7+ Kd8 22. Qxf7 Be7 23. Ne6# 1-0

[Event "46th GRE-chT Premier 2018"]
[Site "Rio Achaia"]
[Date "2018.07.10"]
[Round "1"]
[White "Vlachos, Georgios"]
[Black "Stoimenidis, Dimitrios"]
[Result "1/2-1/2"]
[ECO "C59"]
[WhiteElo "1334"]
[BlackElo "1527"]
[Annotator "NA"]
[PlyCount "105"]
[EventDate "2018.07.10"]
[EventType "team-tourn"]
[EventCountry "GRE"]
[SourceTitle "playchess.com"]
[Source "ChessBase"]
[SourceQuality "1"]
[TimeControl "40/5400+30:1800+30"]

1. e4 e5 2. Nf3 Nc6 3. Bc4 Nf6 4. Ng5 d5 5. exd5 Na5 6. Bb5+ c6 7. dxc6 bxc6 8. Be2 h6 9. Nh3 Be7 10. d3 O-O 11. O-O Be6 12. Nc3 Qc7 13. Be3 Rfd8 14. Qe1 Nd5 15. Bd2 Nb7 16. f4 exf4 17. Nxf4 Bd6 18. Qg3 Nxf4 19. Bxf4 Qb6+ 20. d4 Qxd4+ 21. Kh1 Bxf4 22. Rxf4 Qe5 23. Qf2 Qc5 24. Qf3 Qb6 25. Na4 Qc7 26. Rf1 Rd7 27. Nc3 Nd6 28. b3 Re8 29. Bd3 Rde7 30. Ne4 Nxe4 31. Bxe4 Rc8 32. c4 Rd7 33. Bb1 Qe5 34. Qf2 Rcd8 35. Qc2 f5 36. R4f2 g6 37. Re2 Qf6 38. Qc1 Kg7 39. g4 Rf8 40. gxf5 Bxf5 41. Bxf5 gxf5 42. Ref2 Qe5 43. Re1 Qf6 44. Qe3 Qd6 45. Rg2+ Kh7 46. Reg1 Re7 47. Qc3 Rff7 48. Rg6 Qf4 49. Rg8 Qe4+ 50. R1g2 Qb1+ 51. Rg1 Qe4+ 52. R1g2 Qb1+ 53. Rg1 1/2-1/2

[Event "46th GRE-chT Premier 2018"]
[Site "Rio Achaia"]
[Date "2018.07.10"]
[Round "1"]
[White "Kartsidima, Angeliki"]
[Black "Violakis, Anastasios"]
[Result "0-1"]
[ECO "A48"]
[WhiteElo "1317"]
[BlackElo "1255"]
[Annotator "NA"]
[PlyCount "112"]
[EventDate "2018.07.10"]
[EventType "team-tourn"]
[EventCountry "GRE"]
[SourceTitle "playchess.com"]
[Source "ChessBase"]
[SourceQuality "1"]
[TimeControl "40/5400+30:1800+30"]

1. d4 Nf6 2. Nf3 g6 3. e3 Bg7 4. Bd3 O-O 5. Nbd2 d6 6. O-O Nbd7 7. c3 c5 8. Re1 b6 9. Qc2 Bb7 10. Rb1 Rc8 11. Qb3 Re8 12. e4 d5 13. exd5 Bxd5 14. c4 Bb7 15. d5 Ng4 16. Ne4 Nge5 17. Nxe5 Nxe5 18. Ng3 Nxd3 19. Qxd3 Qd7 20. Qc2 e6 21. dxe6 Rxe6 22. Be3 Qc6 23. f3 Rce8 24. Bf2 Rxe1+ 25. Rxe1 Rxe1+ 26. Bxe1 Qe6 27. Bf2 Qe5 28. b3 Qa1+ 29. Nf1 Bf6 30. Qd2 Bc8 31. Be3 Bf5 32. Kf2 Bb1 33. a4 Qa2 34. Ke2 Qxb3 35. Qd7 Qxc4+ 36. Kf2 Bd4 37. Qxa7 Bd3 38. Bxd4 Qxd4+ 39. Ne3 Bc2 40. Qb8+ Kg7 41. Qe8 Bxa4 42. Qe7 b5 43. Kg3 b4 44. h4 h5 45. Qg5 Bd7 46. Nd5 f6 47. Nxf6 Qxf6 48. Qxc5 b3 49. Qc7 Qf7 50. Qe5+ Kh7 51. Qb2 Bf5 52. Qc3 Bc2 53. Qb2 Qg7 54. Qc1 Qc3 55. Qa3 Qe5+ 56. Kh3 b2 0-1

[Event "46th GRE-chT Premier 2018"]
[Site "Rio Achaia"]
[Date "2018.07.10"]
[Round "1"]
[White "Batzoli, Maria"]
[Black "Bellou, Nazareta"]
[Result "0-1"]
[ECO "B40"]
[WhiteElo "1312"]
[BlackElo "1211"]
[Annotator "NA"]
[PlyCount "42"]
[EventDate "2018.07.10"]
[EventType "team-tourn"]
[EventCountry "GRE"]
[SourceTitle "playchess.com"]
[Source "ChessBase"]
[SourceQuality "1"]
[TimeControl "40/5400+30:1800+30"]

1. e4 c5 2. Nf3 e6 3. c3 d5 4. exd5 Qxd5 5. d4 Nc6 6. Be3 Nf6 7. Bb5 Be7 8. O-O O-O 9. dxc5 Qxd1 10. Rxd1 Nd5 11. Bd4 f6 12. b4 Rd8 13. Be3 a5 14. Bxc6 bxc6 15. Nbd2 Nxc3 16. Re1 axb4 17. Nd4 Bxc5 18. N2b3 Bxd4 19. Nxd4 Ra6 20. Nc2 Nxa2 21. Nxb4 Nxb4 0-1

[Event "46th GRE-chT Premier 2018"]
[Site "Rio Achaia"]
[Date "2018.07.10"]
[Round "1"]
[White "Stathatos, Alexandros"]
[Black "Georgiadis, Anastasios"]
[Result "1-0"]
[ECO "B40"]
[WhiteElo "1311"]
[BlackElo "1184"]
[Annotator "NA"]
[PlyCount "65"]
[EventDate "2018.07.10"]
[EventType "team-tourn"]
[EventCountry "GRE"]
[SourceTitle "playchess.com"]
[Source "ChessBase"]
[SourceQuality "1"]
[TimeControl "40/5400+30:1800+30"]

1. e4 c5 2. Nf3 e6 3. d4 cxd4 4. Nxd4 Nf6 5. Bd3 Nc6 6. Nb3 Be7 7. O-O O-O 8. f4 d5 9. e5 Nd7 10. Be3 a6 11. Qf3 Re8 12. a3 b6 13. N1d2 Nc5 14. Be2 Bb7 15. Qf2 Rc8 16. Rac1 Nxb3 17. Nxb3 d4 18. Nxd4 Nxd4 19. Bxd4 Bc5 20. Rfd1 Bxd4 21. Rxd4 Qe7 22. Rd6 b5 23. Rcd1 Red8 24. Qb6 Rxd6 25. Rxd6 h6 26. Bd3 g6 27. Qd4 Kg7 28. Rd7 Qc5 29. Qxc5 Rxc5 30. Rxb7 h5 31. Rb6 a5 32. Rxb5 Rxb5 33. Bxb5 1-0

[Event "46th GRE-chT Premier 2018"]
[Site "Rio Achaia"]
[Date "2018.07.10"]
[Round "1"]
[White "Mavridis, Athanasios"]
[Black "Gioutsos, Vasileios"]
[Result "1-0"]
[ECO "A39"]
[WhiteElo "1304"]
[BlackElo "1339"]
[Annotator "NA"]
[PlyCount "111"]
[EventDate "2018.07.10"]
[EventType "team-tourn"]
[EventCountry "GRE"]
[SourceTitle "playchess.com"]
[Source "ChessBase"]
[SourceQuality "1"]
[TimeControl "40/5400+30:1800+30"]

1. Nf3 Nf6 2. c4 c5 3. Nc3 Nc6 4. g3 g6 5. Bg2 Bg7 6. O-O O-O 7. d4 cxd4 8. Nxd4 Qb6 9. Nxc6 dxc6 10. Qb3 Qc7 11. Bf4 e5 12. Bg5 Bf5 13. Rfd1 Rad8 14. Qa3 Rxd1+ 15. Rxd1 a6 16. c5 Rd8 17. Rxd8+ Qxd8 18. Qb3 Qd7 19. Bxf6 Bxf6 20. Be4 Bh3 21. Qd1 Qxd1+ 22. Nxd1 Be7 23. b4 Be6 24. a3 f5 25. Bc2 Bc4 26. Bd3 Bb3 27. Ne3 Bd8 28. Bc4+ Bxc4 29. Nxc4 Bc7 30. f3 Kf7 31. Kf2 Ke6 32. e4 h6 33. Ke3 Bd8 34. a4 Bc7 35. a5 Bb8 36. exf5+ gxf5 37. g4 fxg4 38. fxg4 e4 39. h3 Bg3 40. Kxe4 Be1 41. Nd6 Bxb4 42. Nxb7 Kd7 43. Kd4 Kc7 44. Kc4 Bd2 45. Nd6 Bxa5 46. Nf7 Bd2 47. h4 a5 48. g5 hxg5 49. hxg5 Kd7 50. g6 Ke7 51. Nd8 Kf6 52. Nxc6 Kxg6 53. Ne5+ Kf6 54. c6 a4 55. c7 a3 56. c8=Q {[%emt 0:00:10] Ke6} 1-0